AoeStats
← shutianchen

Black Forest

508008489Analyzed
4v4 RM · 11d ago on Sep 20, 2026· 57m 37s· 8 players
Game mode
Random Map
Map size
Large (8 player)
Population
200
Speed
Normal
Resources
Standard
Victory
Conquest
Starting age
Dark Age
Ending age
Imperial Age
RankedLock teamsTeams togetherTeam positionsShared explorationLock speedFull tech treeHidden civsTurbo modeCheats
Victory
Defeat
🇪🇸 Bohemians · Spain
1046
+13
🇫🇷 Teutons · France
988
+15
🇹🇷 Armenians · Türkiye
964
+16
🇫🇷 Britons · France
949
+16
🇨🇳 Franks · China
1022
-17
🇲🇲 Khmer · Myanmar (Burma)
981
-16
🇹🇼 Bohemians · Taiwan
973
-15
🇨🇳 Huns · China
901
-29
shutianchen
11:15 Feudal Age
19:41 Castle Age
17:54 Horse Collar
18:04 Double-Bit Axe
21:52 Heavy Plow
22:05 Bow Saw
23:43 Chemistry
23:10 Ballistics
29:07 Wheelbarrow
29:46 Wagenburg Tactics
32:59 Imperial Age
32:57 Fortified Wall
33:50 Houfnice
34:44 Siege Engineers
34:59 Hand Cart
35:12 Elite Hussite Wagon
38:17 Wagenburg Tactics
50:04 Forging
49:55 Scale Mail Armor
51:04 Pikeman
51:12 Pikeman
51:52 Squires
51:38 Arson
51:56 Halberdier
Noah
17:53 Feudal Age
19:46 Wheelbarrow
18:58 Horse Collar
19:10 Double-Bit Axe
19:18 Gold Mining
23:56 Castle Age
22:22 Scale Barding Armor
22:28 Forging
25:19 Bow Saw
27:15 Chain Barding Armor
27:31 Iron Casting
28:03 Heavy Plow
29:48 Padded Archer Armor
31:48 Gold Shaft Mining
31:05 Stone Mining
33:25 Leather Archer Armor
33:11 Scale Mail Armor
33:33 Husbandry
33:45 Bloodlines
37:23 Imperial Age
37:06 Hand Cart
38:44 Cavalier
40:00 Paladin
40:58 Light Cavalry
44:27 Hussar
45:50 Plate Barding Armor
x
2:03 Loom
11:42 Feudal Age
12:14 Horse Collar
13:59 Double-Bit Axe
16:35 Castle Age
14:49 Gold Mining
15:33 Stone Mining
16:49 Wheelbarrow
19:15 Bow Saw
26:25 Ballistics
27:42 Hand Cart
28:54 Stone Shaft Mining
28:43 Heavy Plow
34:17 Imperial Age
33:00 Pikeman
33:26 Arson
34:24 Gold Shaft Mining
34:14 Scale Barding Armor
34:20 Forging
36:17 Crop Rotation
35:50 Double Crossbow
35:11 Elite Ballista Elephant
36:12 Conscription
35:23 Sappers
36:29 Hoardings
36:18 Chain Barding Armor
37:05 Chemistry
37:19 Iron Casting
38:22 Plate Barding Armor
38:00 Husbandry
38:12 Bloodlines
37:22 Light Cavalry
38:17 Hussar
38:18 Elite Battle Elephant
39:50 Town Watch
41:10 Blast Furnace
41:29 Siege Engineers
46:07 Caravan
53:23 Coinage
默默心雨
10:39 Feudal Age
12:41 Loom
15:08 Castle Age
13:21 Double-Bit Axe
18:46 Bow Saw
20:38 Loom
21:11 Stone Mining
22:37 Gold Mining
24:37 Wheelbarrow
26:31 Hand Cart
30:12 Imperial Age
28:37 Forging
28:33 Scale Barding Armor
28:35 Husbandry
30:26 Iron Casting
31:28 Chain Barding Armor
30:55 Cavalier
32:20 Gold Shaft Mining
33:24 Blast Furnace
33:00 Plate Barding Armor
33:54 Conscription
33:43 Paladin
35:45 Scale Mail Armor
36:08 Conscription
36:14 Elite Throwing Axeman
38:11 #83
38:12 Chain Mail Armor
40:09 Town Watch
40:57 Plate Mail Armor
40:52 Ballistics
40:43 Masonry
42:24 Caravan
42:50 Gambesons
43:06 Squires
42:26 Pikeman
42:52 Arson
44:53 Architecture
45:43 Halberdier
Noonanx
0:47 Loom
13:19 Feudal Age
17:48 Castle Age
16:22 Stone Mining
16:38 Double-Bit Axe
22:43 Horse Collar
23:44 Wheelbarrow
24:14 Gold Mining
25:37 Hand Cart
25:41 Bow Saw
25:39 Fletching
27:26 Town Watch
27:40 Bodkin Arrow
29:57 Ballistics
32:32 Imperial Age
31:32 Yeomen
31:44 Padded Archer Armor
32:09 Fortified Wall
32:51 Treadmill Crane
34:20 Chemistry
33:20 Elite Longbowman
35:05 Bracer
35:14 Murder Holes
37:09 Gold Shaft Mining
38:03 Leather Archer Armor
38:45 Hoardings
38:31 Conscription
41:17 Town Patrol
42:24 Two-Man Saw
41:29 Heavy Plow
42:20 Masonry
42:58 Ring Archer Armor
44:28 Siege Engineers
44:54 Architecture
44:30 Warwolf
51:57 Caravan
-Dark-Bambi-
0:28 Loom
11:58 Feudal Age
14:47 Wheelbarrow
18:11 Castle Age
16:31 Horse Collar
18:32 Double-Bit Axe
18:41 Stone Mining
32:21 Imperial Age
30:09 Heavy Plow
30:32 Bow Saw
30:26 Pikeman
31:40 Hand Cart
32:58 Forging
32:48 Scale Mail Armor
34:05 Chemistry
33:43 Crop Rotation
33:38 Conscription
33:21 Halberdier
37:15 Iron Casting
37:27 Elite Teutonic Knight
39:20 Siege Engineers
39:42 Chain Mail Armor
41:13 Blast Furnace
41:32 Ballistics
41:46 Plate Mail Armor
42:08 Fortified Wall
42:25 Onager
cagatai
5:26 Loom
13:18 Feudal Age
19:50 Castle Age
17:34 Horse Collar
17:49 Double-Bit Axe
19:00 Stone Mining
22:51 Bow Saw
26:49 Gold Mining
28:26 Gold Shaft Mining
32:21 Imperial Age
31:02 Fletching
31:12 Padded Archer Armor
31:18 Scale Barding Armor
31:21 Heavy Plow
32:29 Wheelbarrow
31:43 Town Watch
32:01 Scale Mail Armor
31:31 Elite Skirmisher
32:11 Man-at-Arms
32:39 Gambesons
32:55 Squires
33:08 Forging
32:55 Bodkin Arrow
34:02 Conscription
34:42 Hoardings
35:21 Leather Archer Armor
34:48 Long Swordsman
35:36 Fereters
35:59 Chain Mail Armor
36:37 Masonry
37:28 Chemistry
36:47 Caravan
36:23 Pikeman
38:21 Bracer
38:44 Ballistics
37:48 Two-Handed Swordsman
38:30 Elite Composite Bowman
41:41 Ring Archer Armor
42:05 Plate Mail Armor
44:57 Iron Casting
43:56 Halberdier
46:20 Murder Holes
48:20 Hand Cart
48:08 Champion
48:39 Arson
50:54 Blast Furnace
50:08 Capped Ram
53:02 Siege Ram
Mecánico
7:13 Loom
13:17 Feudal Age
14:20 Double-Bit Axe
14:16 Horse Collar
17:13 Castle Age
18:53 Bow Saw
20:03 Fervor
22:09 Heavy Plow
24:50 Chemistry
30:24 Imperial Age
28:25 Pikeman
29:06 Squires
29:23 Forging
29:13 Scale Mail Armor
29:49 Ballistics
29:15 Treadmill Crane
29:47 Arson
31:16 Wheelbarrow
31:26 Iron Casting
31:06 Chain Mail Armor
34:06 Hand Cart
34:13 Town Watch
35:15 Conscription
34:51 Houfnice
36:46 Town Patrol
37:02 Siege Engineers
36:48 Halberdier
38:06 Plate Mail Armor
38:37 Blast Furnace
49:44 Fletching
Connection lost

Rejoining the realm…

Still unreachable

The connection could not be restored.

Session expired

The server has moved on; the page needs a fresh start.